 Dungeon Crawl Stone Soup version 0.20.0-15-g7f486f2 (webtiles) character file.

142 Esekla the Cutter (level 5, 0/28 HPs)
             Began as a Tengu Enchanter on June 11, 2017.
             Slain by Grinder (2 damage)
             ... on level 3 of the Dungeon.
             The game lasted 00:30:43 (3597 turns).

Esekla the Cutter (Tengu Enchanter)                 Turns: 3597, Time: 00:30:44

Health: 0/28       AC:  2    Str:  8    XL:     5   Next: 25%
Magic:  1/9        EV: 14    Int: 16    God:
Gold:   199        SH:  0    Dex: 15    Spells: 1/8 levels left

rFire    . . .     SeeInvis .   a - +1 dagger
rCold    . . .     Gourm    .   (no shield)
rNeg     . . .     Faith    .   b - +0 robe
rPois    .         Spirit   .   (helmet restricted)
rElec    .         Reflect  .   (no cloak)
rCorr    .         Harm     .   (no gloves)
MR       .....                  (boots unavailable)
Stlth    ++........             (no amulet)
Regen    0.1/turn               v - +3 ring of slaying
MPRegen  0.2/turn               p - ring of wizardry

@: no status effects
A: beak, talons 3, able to fly 1
a: Fly


You were on level 3 of the Dungeon.
You were not hungry.

You visited 1 branch of the dungeon, and saw 3 of its levels.

You collected 199 gold pieces.

Inventory:

Hand Weapons
 a - a +1 dagger (weapon)
Missiles
 e - 156 stones (quivered)
 l - 3 silver javelins
 u - 3 tomahawks
Armour
 b - a +0 robe (worn)
Jewellery
 h - a +3 ring of strength
 p - a ring of wizardry (right hand)
 v - a +3 ring of slaying (left hand)
Scrolls
 j - 3 scrolls of remove curse {unknown}
 k - 2 scrolls of recharging {unknown}
 q - 2 scrolls of identify {unknown}
 r - a scroll of immolation {unknown}
Potions
 i - 2 potions of agility {unknown}
 m - a potion of resistance {unknown}
 n - a potion of mutation {unknown}
 o - a potion of heal wounds {unknown}
 s - a potion of haste {unknown}
 t - a potion of curing {unknown}
Books
 c - a book of Maledictions

   Spells                             Type                      Level
   a - Corona                         Hexes                        1
   b - Ensorcelled Hibernation        Hexes/Ice                    2
   c - Confuse                        Hexes                        3
   d - Tukima's Dance                 Hexes                        3
   e - Dazzling Spray                 Conjuration/Hexes            3
Comestibles
 d - a bread ration
 f - 3 royal jellies
 g - 2 meat rations


   Skills:
 * Level 4.3 Short Blades
 + Level 3.7 Dodging
 - Level 3.0 Stealth
 + Level 2.0 Spellcasting
 + Level 2.1 Hexes


You had one spell level left.
You knew the following spells:

 Your Spells              Type           Power        Failure   Level  Hunger
a - Corona                Hex            #......      3%          1    #......
b - Tukima's Dance        Hex            #.......     11%         3    ###....
c - Confuse               Hex            #.......     11%         3    ###....


Dungeon Overview and Level Annotations

Branches:
Dungeon (3/15)

Altars:

Annotations:
D:3 Grinder; HeyBub's ghost, amateur OpMo


Innate Abilities, Weirdness & Mutations

You have a beak for a mouth.
You have claws for feet.
You can fly.


Message History

Grinder gestures at you. You resist with significant effort.
Grinder blinks!
Grinder says, "Don't move a muscle."
Grinder gestures at you.
You suddenly lose the ability to move!
Grinder says, "Don't move a muscle."
Grinder gestures at you.
You shrug off the repeated paralysis!
Grinder hits you!
You writhe in agony.
Grinder hits you.
* * * LOW HITPOINT WARNING * * *
Grinder hits you.
* * * LOW HITPOINT WARNING * * *
You writhe in agony.
* * * LOW HITPOINT WARNING * * *
You can move again.
There is a stone staircase leading down here.
Grinder hits you.
You die...

####...........#.#
# #........#..#.#
#........#..#.#
#........#..#.#
#........##.#.#
#........##...#
###########...#
#..5# #..@# #.#.#
#.#.# #.#.# #.#.#
#.#.# #.# #.#


You could see Grinder.

Vanquished Creatures
  An orc wizard (D:3)
  Jessica (D:2)
  2 adders
  2 worms
  3 leopard geckos
  5 orcs
  6 bats
  5 giant cockroaches
  7 hobgoblins
  2 frilled lizards
  7 goblins
  8 kobolds
  5 rats
54 creatures vanquished.

Notes
Turn   | Place    | Note
-------+----------+-------------------------------------------
     0 | D:1      | Esekla the Tengu Enchanter began the quest for the Orb.
     0 | D:1      | Reached XP level 1. HP: 10/10 MP: 4/4
   345 | D:1      | Reached XP level 2. HP: 1/15 MP: 6/6
   347 | D:1      | Reached skill level 2 in Short Blades
  1500 | D:1      | Reached XP level 3. HP: 19/19 MP: 7/7
  1511 | D:1      | Learned a level 3 spell: Tukima's Dance
  1751 | D:1      | Reached skill level 3 in Short Blades
  2038 | D:2      | Noticed Jessica
  2108 | D:2      | Killed Jessica
  2108 | D:2      | Reached XP level 4. HP: 3/24 MP: 8/8
  3177 | D:3      | Noticed HeyBub's ghost (amateur OpMo)
  3277 | D:3      | Reached skill level 4 in Short Blades
  3277 | D:3      | Gained mutation: You can fly. [Tengu growth]
  3277 | D:3      | Reached XP level 5. HP: 19/28 MP: 9/9
  3396 | D:3      | Learned a level 3 spell: Confuse
  3580 | D:3      | Noticed Grinder
  3583 | D:3      | Paralysed by Grinder for 3 turns
  3589 | D:3      | Paralysed by Grinder for 7 turns
  3597 | D:3      | Slain by Grinder

Skill      XL: |  1  2  3  4 |
---------------+-------------+-----
Short Blades   | 2 3 4 |  4.3
Dodging        | 3 |  3.7
Stealth        | |  3.0
Spellcasting   | |  2.0
Hexes          | |  2.1

Action                   |  1- 3 |  4- 6 || total
-------------------------+-------+-------++-------
Melee: Dagger            |   120 |    93 ||   213
       Kick              |    28 |    23 ||    51
       Peck              |     9 |    16 ||    25
Throw: Stone             |    22 |    34 ||    56
 Cast: Corona            |     2 |     1 ||     3
       Confuse           |       |     3 ||     3
 Stab: Sleeping          |     2 |     4 ||     6
       Distracted        |     1 |       ||     1
  Eat: Bread ration      |     1 |     1 ||     2
Armor: Robe              |    18 |    16 ||    34
Dodge: Dodged            |    53 |    69 ||   122
